 Dungeon Sprint DCSS version 0.30-a0-778-g2ef04afb54 (webtiles) character file.

Game seed: 9838860345312655509

544 BigDaddyOpFi the Demonic Cataclysm (level 7, 0/59 HPs)
             Began as a Demonspawn Fighter on Feb 16, 2023.
             Was a High Priest of Qazlal.
             Killed from afar by a swamp dragon (12 damage)
             ... with a blast of poison
             ... in the Dungeon (Sprint VII: "The Pits").
             The game lasted 00:01:24 (703 turns).

BigDaddyOpFi the Demonic Cataclysm (DsFi)            Turns: 703, Time: 00:01:25

Health: 0/59       AC: 12    Str: 19    XL:     7   Next: 6%
Magic:  15/15      EV: 10    Int:  9    God:    Qazlal [*****.]
Gold:   0          SH: 12    Dex: 12    Spells: 6/6 levels left

rFire   . . .      SeeInvis .    a - +0 war axe
rCold   . . .      Faith    .    c - +0 buckler
rNeg    . . .      Spirit   .    l - +3 ring mail
rPois   .          Reflect  .    (helmet restricted)
rElec   .          Harm     .    (no cloak)
rCorr   .          Rampage  .    (no gloves)
Will    .....      NoTele   +    (no boots)
Stlth   +                        (no amulet)
HPRegen 0.29/turn                (no ring)
MPRegen 0.14/turn                (no ring)

@: lethally poisoned (0 -> -6), protected from physical damage, on berserk
cooldown, slowed, repel missiles, very slow
A: antennae 2, sturdy frame 1
a: Renounce Religion, Upheaval, Elemental Force, Disaster Area


You were in the Dungeon.
You worshipped Qazlal.
Qazlal was extremely pleased with you.
You visited 1 branch

Inventory:

Hand Weapons
 a - a +0 war axe (weapon)
Armour
 c - a +0 buckler (worn)
 l - a +3 ring mail (worn)
Scrolls
 j - a scroll of blinking
Potions
 e - 5 potions of curing
 f - a potion of heal wounds
 g - a potion of haste
 h - 4 potions of magic
 i - 2 potions of berserk rage
 k - 2 potions of invisibility


   Skills:
 + Level 6.8 Fighting
 + Level 5.8 Axes
 + Level 6.2 Armour
 + Level 6.3 Shields
 * Level 11.4 Invocations


You had 6 spell levels left.
You didn't know any spells.
Your spell library was empty.

Dungeon Overview and Level Annotations

Branches:
Dungeon (1/1)

Altars:
Ashenzari
Cheibriados
Dithmenos
Fedhas
Gozag
Hepliaklqana
Kikubaaqudgha
Makhleb
Nemelex Xobeh
Okawaru
Qazlal
Ru
Sif Muna
Trog
Uskayaw
Vehumet
Wu Jian
Xom
Yredelemnul
Jiyva
Lugonu


Innate Abilities, Weirdness & Mutations

You have a pair of antennae on your head.
Your movements are slightly less encumbered by armour. (ER -2)


Message History

You slash the swamp dragon!
The swamp dragon is moderately wounded.
The swamp dragon barely misses you. x2
The swamp dragon tramples you but does no damage.
You closely miss the swamp dragon.
The swamp dragon is moderately wounded.
The swamp dragon barely misses you. You block the swamp dragon's attack.
The swamp dragon misses you.
You hit the swamp dragon.
The swamp dragon is heavily wounded.
The swamp dragon closely misses you. You block the swamp dragon's attack. x2
You hit the swamp dragon.
The swamp dragon is heavily wounded.
You hit the swamp dragon.
The swamp dragon is severely wounded.
The swamp dragon breathes poison at you.
The blast of poison engulfs you.
You are poisoned.
You slash the swamp dragon!
The swamp dragon is severely wounded.
You feel sick. You block the swamp dragon's attack.
The swamp dragon claws you but does no damage.
The swamp dragon closely misses you.
You closely miss the swamp dragon.
The swamp dragon is severely wounded.
You are no longer berserk.
You are exhausted.
You feel yourself slow down.
You feel sick.
The swamp dragon bites you but does no damage.
The swamp dragon misses you. You block the swamp dragon's attack.
You hit the swamp dragon but do no damage.
The swamp dragon is severely wounded.
You feel sick. The swamp dragon bites you!
* * * LOW HITPOINT WARNING * * *
You feel more protected from physical attacks.
You block the swamp dragon's attack. x2
The swamp dragon breathes poison at you.
The blast of poison engulfs you!
You are more poisoned.
You die...

#.#...)))[.##.......#
#'###########.......#
#..#.#.##{{ #########
#.......#{ ##.#.#.##{
{ #.......#+#
##.#.#☼##☼+
#.....☼☼#D#
##.#.#○○§@# {
##########


You could see a swamp dragon (catching breath).

Vanquished Creatures
  A floating eye (D)
  An ice beast (D)
  A centaur (D)
  A bullfrog (D)
  2 gnoll sergeants (D)
  A hound (D)
  6 gnolls (D)
  2 bats (D)
  A giant cockroach (D)
  A goblin (D)
  A hobgoblin (D)
  A quokka (D)
  A ball python (D)
  2 frilled lizards (D)
  A rat (D)
23 creatures vanquished.

Notes
Turn   | Place    | Note
-------+----------+-------------------------------------------
     0 | D        | BigDaddyOpFi the Demonspawn Fighter began the quest for the
                  | Orb.
     0 | D        | Reached XP level 1. HP: 18/18 MP: 1/1
    18 | D        | Found a bloodstained altar of Trog.
    18 | D        | Found a shimmering blue altar of Sif Muna.
    18 | D        | Found a viscous altar of Jiyva.
    18 | D        | Found a hazy altar of Hepliaklqana.
    18 | D        | Found an opulent altar of Gozag.
    19 | D        | Found a basalt altar of Yredelemnul.
    19 | D        | Found a shimmering altar of Xom.
    19 | D        | Found an ornate altar of the Wu Jian Council.
    19 | D        | Found a sacrificial altar of Ru.
    19 | D        | Found a stormy altar of Qazlal.
    19 | D        | Found an iron altar of Okawaru.
    19 | D        | Found a sparkling altar of Nemelex Xobeh.
    19 | D        | Found a burning altar of Makhleb.
    19 | D        | Found a blossoming altar of Fedhas.
    19 | D        | Found a shadowy altar of Dithmenos.
    19 | D        | Found a snail-covered altar of Cheibriados.
    20 | D        | Found a radiant altar of Vehumet.
    20 | D        | Found a corrupted altar of Lugonu.
    21 | D        | Found a hide-covered altar of Uskayaw.
    21 | D        | Found an ancient bone altar of Kikubaaqudgha.
    21 | D        | Found a broken altar of Ashenzari.
    25 | D        | Became a worshipper of Qazlal Stormbringer
    51 | D        | Reached skill level 1 in Invocations
    55 | D        | Reached * piety under Qazlal
    60 | D        | Noticed a floating eye
    65 | D        | Killed a floating eye
    66 | D        | Reached skill level 6 in Invocations
    66 | D        | Gained mutation: Your movements are slightly less
                  | encumbered by armour. (ER -2) [demonic ancestry]
    66 | D        | Reached XP level 2. HP: 26/26 MP: 1/6
    66 | D        | Gained mutation: You have a pair of small antennae on your
                  | head. [demonic ancestry]
    66 | D        | Reached XP level 3. HP: 31/31 MP: 1/7
    66 | D        | Reached XP level 4. HP: 38/38 MP: 1/9
   286 | D        | Noticed a bullfrog
   293 | D        | Killed a bullfrog
   293 | D        | Reached ** piety under Qazlal
   294 | D        | Reached skill level 5 in Fighting
   294 | D        | Reached skill level 8 in Invocations
   294 | D        | Reached XP level 5. HP: 30/44 MP: 9/11
   431 | D        | Noticed a centaur
   450 | D        | Reached *** piety under Qazlal
   454 | D        | Reached skill level 5 in Armour
   454 | D        | Reached skill level 5 in Shields
   454 | D        | Reached skill level 9 in Invocations
   457 | D        | Reached skill level 5 in Axes
   457 | D        | Gained mutation: You have a pair of antennae on your head.
                  | [demonic ancestry]
   457 | D        | Reached XP level 6. HP: 18/52 MP: 9/13
   466 | D        | Reached skill level 10 in Invocations
   473 | D        | Reached **** piety under Qazlal
   480 | D        | Reached ***** piety under Qazlal
   523 | D        | Noticed an ice beast
   532 | D        | Killed an ice beast
   533 | D        | Reached skill level 11 in Invocations
   533 | D        | Reached XP level 7. HP: 49/59 MP: 15/15
   678 | D        | Noticed a swamp dragon
   703 | D        | Killed from afar by a swamp dragon

Illustrated notes

Levels and vault maps discovered:
D:        pitsprint [storerooms_1, entrance_room_1, metal_vault_3, armoury_3,
          mini_pit_1, grid_room_1, main_hall_1, silver_pit, the_coven_1,
          the_vestibule_1, steel_vault_4, golden_pit, hallway_of_sentries,
          crystal_vault_6, iron_vault_3, final_vault]

Skill      XL: |  1  2  3  4  5  6 |
---------------+-------------------+-----
Axes           | 3 4 5 |  5.8
Invocations    | 6 8 9 11 | 11.4
Armour         | 4 5 6 |  6.2
Shields        | 4 5 6 |  6.3
Fighting       | 4 5 6 |  6.8

Action                     |  1- 3 |  4- 6 |  7- 9 || total
---------------------------+-------+-------+-------++-------
  Melee: War axe           |    11 |    46 |    30 ||    87
 Invoke: Upheaval          |       |     1 |       ||     1
    Use: Potion            |       |     4 |     4 ||     8
 Armour: Scale mail        |     6 |     2 |       ||     8
         Ring mail         |       |    18 |    20 ||    38
  Dodge: Dodged            |     3 |    17 |    17 ||    37
  Block: Buckler           |     2 |    28 |    33 ||    63

Table legend: (Time is in decaauts)
 A = Elapsed time spent in this place.
 B = Non-inter-level travel time spent in this place.
 C = Inter-level travel time spent in this place.
 D = Time resting spent in this place.
 E = Time spent auto-exploring this place.
 F = Levels seen in this place.
 G = Mean time per level.
                   A        B        C        D        E       F      G
               +--------+--------+--------+--------+--------+-----+--------+
         Total |    723 |    709 |     14 |    451 |      0 |   1 |  723.0 |
       Dungeon |    723 |    709 |     14 |    451 |      0 |   1 |  723.0 |
               +--------+--------+--------+--------+--------+-----+--------+

Top non-repeatable levels by time:
       D: 723 daAuts
